 Dungeon Crawl Stone Soup version 0.23.0 (webtiles) character file.

Game seed: 4849502216467136841

34241 Kairos the Cleaver (level 13, -8/69 HPs)
             Began as a Vine Stalker Fighter on Feb 12, 2019.
             Was the Champion of Okawaru.
             Mangled by Rupert
             ... wielding a +4 triple sword of freezing
              (33 damage)
             ... on level 5 of the Lair of Beasts.
             The game lasted 00:29:07 (12994 turns).

Kairos the Cleaver (Vine Stalker Fighter)          Turns: 12994, Time: 00:29:07

Health: -8/69      AC: 23    Str: 26    XL:     13   Next: 76%
Magic:  0/19       EV: 13    Int:  4    God:    Okawaru [******]
Gold:   830        SH: 16    Dex: 18    Spells: 12/12 levels left

rFire    . . .     SeeInvis +   O - +1 broad axe
rCold    . . .     Gourm    .   c - +1 shield
rNeg     + . .     Faith    +   u - +0 plate armour of Valiance {rN+ Str+3 Int-4}
rPois    .         Spirit   +   (no helmet)
rElec    .         Reflect  .   (no cloak)
rCorr    .         Harm     .   Y - +2 pair of gloves {Dex+3}
MR       +....                  (no boots)
Stlth    ..........             R - amulet of faith
HPRegen  1.01/turn              L - +5 ring of protection
MPRegen  0.16/turn              A - ring of see invisible

@: about to teleport, heroism, finesse
A: fangs 3, regeneration 2, magic shield, antimagic bite, no potion heal 3, rot
immunity
a: Heroism, Finesse, Renounce Religion


You were on level 5 of the Lair of Beasts.
You worshipped Okawaru.
Okawaru was exalted by your worship.
You were not hungry.

You visited 3 branches of the dungeon, and saw 17 of its levels.

You collected 830 gold pieces.

Inventory:

Hand Weapons
 a - a +1 war axe
 C - a +1 flail of protection
 E - the +4 halberd "Veqeahes" {chop, *Corrode +Rage rC+++ Stlth+}
   (You found it on level 7 of the Dungeon)

   It inflicts extra damage upon your enemies.
   It renders you almost immune to cold.
   It lets you go berserk.
   It may corrode you when you take damage.
   It makes you more stealthy.
 G - a +2 flail of holy wrath
 O - a +1 broad axe (weapon)
Armour
 c - a +1 shield (worn)
 t - the +2 ring mail of Trumpets {rPois}
   (You found it on level 4 of the Dungeon)

   It protects you from poison.
 u - the +0 plate armour of Valiance (worn) {rN+ Str+3 Int-4}
   (You found it on level 5 of the Dungeon)

   It affects your strength (+3).
   It affects your intelligence (-4).
   It protects you from negative energy.
 w - a +0 chain mail of cold resistance
 Y - a +2 pair of gloves of dexterity (worn)
Jewellery
 k - a +6 amulet of reflection
 l - an uncursed amulet of regeneration {unknown}
 m - an uncursed ring of protection from cold
 q - an uncursed ring of ice
 A - a ring of see invisible (right hand)
 B - an uncursed ring of protection from cold
 L - a +5 ring of protection (left hand)
 R - an amulet of faith (around neck)
 Z - an uncursed amulet of the gourmand {unknown}
Wands
 y - a wand of enslavement (10)
 D - a wand of iceblast (12)
 I - a wand of disintegration (14)
 S - a wand of paralysis (6)
 T - a wand of polymorph (7)
Scrolls
 j - 9 scrolls of teleportation
 r - a scroll of fog
 s - 4 scrolls of amnesia
 x - a scroll of magic mapping
 H - 3 scrolls of fear
 J - 7 scrolls of remove curse
 K - 4 scrolls of enchant armour
 M - 2 scrolls of immolation
 P - 2 scrolls of blinking
 Q - a scroll of brand weapon
 X - a scroll of holy word {unknown}
Potions
 b - a potion of ambrosia {unknown}
 d - 4 potions of might
 e - 3 potions of mutation
 g - 9 potions of curing
 h - a potion of brilliance
 i - a potion of cancellation {unknown}
 n - 3 potions of invisibility {unknown}
 o - 4 potions of flight
 p - a potion of resistance {unknown}
 v - 3 potions of lignification {unknown}
 z - 2 potions of haste {unknown}
 N - a potion of magic {unknown}
 U - a potion of berserk rage {unknown}
 V - a potion of agility {unknown}
Comestibles
 f - 19 rations


   Skills:
 + Level 8.7(13.7) Fighting
 + Level 12.8(17.9) Axes
 + Level 2.7(13.9) Maces & Flails
 + Level 6.6(11.6) Armour
 + Level 4.1(9.1) Dodging
 + Level 2.5(7.5) Stealth
 + Level 10.5(15.5) Shields
 * Level 7.1 Invocations
 + Level 0.8 Evocations


You had 12 spell levels left.
You didn't know any spells.
Your spell library contained the following spells:

 Spells                   Type           Power        Failure   Level  Hunger
 Magic Dart               Conj           #...         99%         1    ##.....
 Blink                    Tloc           N/A          100%        2    ###....
 Call Imp                 Summ           #.......     100%        2    ###....
 Shroud of Golubria       Chrm/Tloc      #.........   100%        2    ###....
 Slow                     Hex            #.......     100%        2    ###....
 Conjure Flame            Conj/Fire      #.......     100%        3    ####...
 Gell's Gravitas          Tloc           #.........   100%        3    ####...
 Lesser Beckoning         Tloc           #.........   100%        3    ####...
 Mephitic Cloud           Conj/Pois/Air  #.......     100%        3    ####...
 Teleport Other           Tloc           #.......     100%        3    ####...
 Passage of Golubria      Tloc           N/A          100%        4    #####..


Dungeon Overview and Level Annotations

Branches:
Dungeon (10/15)            Temple (1/1) D:6            Lair (6/6) D:10
  Swamp (0/4) Lair:3        Snake (0/4) Lair:3        Slime (0/5) Lair:6
    Orc (0/2) D:10

Altars:
Ashenzari
Cheibriados
Dithmenos
Elyvilon
Fedhas
Gozag
Hepliaklqana
Kikubaaqudgha
Makhleb
Nemelex Xobeh
Okawaru
Qazlal
Ru
Sif Muna
Trog
Uskayaw
Vehumet
Wu Jian
Xom
Yredelemnul
Zin
The Shining One
Beogh
Jiyva

Annotations:
D:8 3 runed translucent doors, Uhlv's ghost, novice MiBe
Lair:2 1 runed translucent door, Haxyobbu's ghost, journeyman MiFi
Lair:4 exclusion: 3 oklob plants
Lair:5 Rupert


Innate Abilities, Weirdness & Mutations

You have razor-sharp teeth.
You heal very quickly.
When hurt, damage is shared between your health and your magic reserves.
Your bite disrupts and absorbs the magic of your enemies.
Potions cannot restore your health.
You are immune to rotting.


Message History

Rupert is lightly wounded.
You hit the water moccasin but do no damage.
You hear a loud, deep croak!
The water moccasin misses you. You block Rupert's attack.
Unknown command.
You can now deal lightning-fast blows.
You block the water moccasin's attack.
Rupert hits you with a +4 triple sword of freezing!!
Rupert freezes you. You block the water moccasin's attack.
Unknown command.
You block Rupert's attack. The water moccasin bites you!
You climb upwards.
There is a stone staircase leading down, spattered with blood here.
You block the water moccasin's attack. The water moccasin bites you.
Rupert hits you with a +4 triple sword of freezing!
Rupert freezes you!
As you read the scroll of teleportation, it crumbles to dust.
You feel strangely unstable. The water moccasin closely misses you.
Rupert hits you with a +4 triple sword of freezing!!!
You die...

#### ##................... ######
###................. ...#.#####
#.................. .....##..#
##................. .........##
#...............#.P ..........#
##.......##.#...... ).........#
#...#.############ ..........##
###..###### # ...........#
#.#@.###..## #
...........###.†@S......##
...........#....>†......P##
..........................###
.......................#.##.###
.........................##...#
.........#.#...........##.>##.#
.........#.............##.÷####
.......#.................##...###


You could see Rupert (berserk) and a water moccasin.

Vanquished Creatures
  Josephine (Lair:5)
  Fannar (D:10)
  5 hydras
  2 two-headed ogres (D:10)
  A lindwurm (Lair:5)
  A deep elf mage (D:8)
  6 black mambas
  5 elephants (Lair:4)
  10 spiny frogs
  A gargoyle (D:10)
  2 rime drakes
  A komodo dragon (Lair:3)
  2 trolls (D:10)
  Grinder (D:3)
  5 hippogriffs
  17 blink frogs
  Sigmund (D:3)
  Eustachio (D:5)
  5 wraiths (Lair:5)
  2 basilisks
  39 yaks
  4 vampire mosquitoes
  6 wargs (D:10)
  5 water moccasins
  8 porcupines
  7 orc warriors
  2 sky beasts (D:7)
  An ice beast (D:7)
  2 phantoms
  A centaur (D:5)
  5 ogres
  5 wolves (Lair:4)
  9 crocodiles
  2 big kobolds
  A gnoll sergeant (D:10)
  15 bullfrogs
  A scorpion (D:10)
  6 wights
  2 howler monkeys
  3 crimson imps
  4 jellies
  A centaur zombie (D:8)
  2 hounds (D:6)
  A centaur skeleton (D:5)
  6 orc priests
  Ijyb (D:3)
  2 bullfrog skeletons
  An iguana (D:8)
  5 worker ants
  10 orc wizards
  A hound zombie (D:6)
  A hound skeleton (D:10)
  Robin (D:2)
  A howler monkey skeleton (D:4)
  7 adders
  18 gnolls
  2 oozes
  An adder zombie (D:8)
  7 worms
  2 dart slugs
  7 leopard geckos
  48 orcs
  3 giant cockroaches
  20 goblins
  8 hobgoblins
  7 jackals
  10 kobolds
  4 quokkas
  2 ball pythons (D:3)
  7 bats
  4 frilled lizards
  A quokka skeleton (D:4)
  10 rats
399 creatures vanquished.

Vanquished Creatures (others)
  A centaur (D:5)
  3 orcs (D:10)
  A kobold (D:10)
  5 fungi
  32 plants
42 creatures vanquished.

Grand Total: 441 creatures vanquished

Notes
Turn   | Place    | Note
-------+----------+-------------------------------------------
     0 | D:1      | Kairos the Vine Stalker Fighter began the quest for the
                  | Orb.
     0 | D:1      | Reached XP level 1. HP: 11/11 MP: 2/2
   159 | D:1      | Reached XP level 2. HP: 8/16 MP: 3/3
   404 | D:1      | Reached skill level 2 in Axes
   404 | D:1      | Reached XP level 3. HP: 18/19 MP: 4/4
   674 | D:2      | Noticed Robin
   686 | D:2      | Killed Robin
   686 | D:2      | Gained mutation: Your natural rate of healing is unusually
                  | fast. [Vine Stalker growth]
   686 | D:2      | Reached XP level 4. HP: 11/24 MP: 3/5
   914 | D:2      | Reached skill level 3 in Axes
  1209 | D:3      | Noticed Sigmund
  1293 | D:3      | Reached XP level 5. HP: 28/28 MP: 6/6
  1298 | D:3      | Noticed Ijyb
  1331 | D:3      | Killed Ijyb
  1741 | D:3      | Noticed Grinder
  1769 | D:3      | Killed Grinder
  1769 | D:3      | Reached skill level 4 in Axes
  1769 | D:3      | Reached XP level 6. HP: 25/32 MP: 7/7
  1880 | D:3      | Found a shimmering altar of Xom.
  2010 | D:3      | Found a deep blue altar of Sif Muna.
  2044 | D:3      | Killed Sigmund
  2044 | D:3      | Reached XP level 7. HP: 36/36 MP: 8/8
  2285 | D:4      | Got a shimmering ring mail
  2326 | D:4      | Identified the +2 ring mail of Trumpets {rPois} (You found
                  | it on level 4 of the Dungeon)
  3160 | D:5      | Entered Level 5 of the Dungeon
  3164 | D:5      | Reached skill level 1 in Stealth
  3204 | D:5      | Reached skill level 5 in Axes
  3257 | D:5      | Gained mutation: You have razor-sharp teeth. [Vine Stalker
                  | growth]
  3257 | D:5      | Reached XP level 8. HP: 38/42 MP: 9/9
  3275 | D:5      | Got a translucent plate armour
  3286 | D:5      | Identified the cursed +0 plate armour of Valiance {rN+
                  | Str+3 Int-4} (You found it on level 5 of the Dungeon)
  3356 | D:5      | Reached skill level 5 in Shields
  3449 | D:5      | Reached skill level 1 in Dodging
  3630 | D:5      | Noticed Eustachio
  3653 | D:5      | Killed Eustachio
  3653 | D:5      | Reached skill level 6 in Axes
  4119 | D:6      | Reached XP level 9. HP: 43/46 MP: 10/10
  4156 | D:6      | Reached skill level 7 in Axes
  4185 | D:6      | Found a staircase to the Ecumenical Temple.
  4313 | Temple   | Entered the Ecumenical Temple
  4491 | Temple   | Became a worshipper of Warmaster Okawaru
  5003 | D:7      | Reached * piety under Okawaru
  5036 | D:7      | Got a polished halberd
  5179 | D:7      | Reached skill level 5 in Fighting
  5372 | D:7      | Identified the +4 halberd "Veqeahes" {chop, *Corrode +Rage
                  | rC+++ Stlth+} (You found it on level 7 of the Dungeon)
  5446 | D:8      | Reached skill level 8 in Axes
  5449 | D:8      | Reached ** piety under Okawaru
  5460 | D:8      | Reached XP level 10. HP: 51/51 MP: 11/11
  5694 | D:8      | Noticed a deep elf mage
  5698 | D:8      | Killed a deep elf mage
  5704 | D:8      | Found a sparkling altar of Nemelex Xobeh.
  5910 | D:8      | Found a runed translucent gate.
  5910 | D:8      | Found a runed translucent gate.
  5910 | D:8      | Found a runed translucent gate.
  5910 | D:8      | Noticed Uhlv's ghost (novice MiBe)
  5911 | D:8      | Found a viscous altar of Jiyva.
  6154 | D:9      | Found a shadowy altar of Dithmenos.
  6154 | D:9      | Found a glowing silver altar of Zin.
  6155 | D:9      | Found a white marble altar of Elyvilon.
  6764 | D:10     | Entered Level 10 of the Dungeon
  6764 | D:10     | Found a staircase to the Lair.
  6764 | D:10     | Noticed Fannar
  6786 | D:10     | Reached skill level 5 in Armour
  6789 | D:10     | Reached skill level 9 in Axes
  6821 | D:10     | Killed Fannar
  6821 | D:10     | Reached *** piety under Okawaru
  6988 | D:10     | Reached **** piety under Okawaru
  6988 | D:10     | Reached XP level 11. HP: 26/56 MP: 7/12
  7003 | D:10     | Found a roughly hewn altar of Beogh.
  7087 | D:10     | Noticed a two-headed ogre
  7099 | D:10     | Killed a two-headed ogre
  7190 | D:10     | Reached skill level 10 in Axes
  7373 | D:10     | Noticed a two-headed ogre
  7382 | D:10     | Killed a two-headed ogre
  7382 | D:10     | Reached skill level 1 in Invocations
  7637 | D:10     | Found a staircase to the Orcish Mines.
  7895 | Lair:1   | Entered Level 1 of the Lair of Beasts
  8833 | Lair:2   | Reached ***** piety under Okawaru
  9126 | Lair:2   | Found a runed translucent door.
  9127 | Lair:2   | Found a shimmering altar of Xom.
  9127 | Lair:2   | Noticed Haxyobbu's ghost (journeyman MiFi)
  9128 | Lair:2   | Noticed a +0 long sword of chaos
  9773 | Lair:3   | Found a staircase to the Swamp.
  9928 | Lair:3   | Gained mutation: You heal very quickly. [Vine Stalker
                  | growth]
  9928 | Lair:3   | Reached XP level 12. HP: 63/63 MP: 15/15
 10019 | Lair:3   | Found a staircase to the Snake Pit.
 10099 | Lair:3   | Reached skill level 11 in Axes
 10548 | Lair:4   | Noticed a four-headed hydra
 10556 | Lair:4   | Killed a four-headed hydra
 10626 | Lair:4   | Reached ****** piety under Okawaru
 10636 | Lair:4   | Reached skill level 1 in Maces & Flails
 11232 | Lair:5   | Noticed a seven-headed hydra
 11245 | Lair:5   | Killed a seven-headed hydra
 11272 | Lair:5   | Received a gift from Okawaru
 11272 | Lair:5   | Reached skill level 10 in Shields
 11355 | Lair:5   | Reached skill level 5 in Invocations
 11435 | Lair:5   | Noticed a five-headed hydra
 11474 | Lair:5   | Killed a six-headed hydra
 11474 | Lair:5   | Received a gift from Okawaru
 11531 | Lair:5   | Reached XP level 13. HP: 60/68 MP: 18/18
 11538 | Lair:5   | Reached skill level 12 in Axes
 11873 | Lair:5   | Noticed Josephine
 11893 | Lair:5   | Killed Josephine
 12385 | Lair:6   | Entered Level 6 of the Lair of Beasts
 12388 | Lair:6   | Found a staircase to the Slime Pits.
 12922 | Lair:6   | Noticed Rupert
 12994 | Lair:5   | Mangled by Rupert

Skill      XL: |  1  2  3  4  5  6  7  8  9 10 11 12 13 |
---------------+----------------------------------------+-----
Axes           | 2 3 4 5 6 8 9 10 11 12 | 12.8
Fighting       | 3 4 5 6 7 8 |  8.7
Shields        | 3 4 5 7 9 10 | 10.5
Armour         | 3 4 5 6 |  6.6
Stealth        | 1 2 |  2.5
Dodging        | 1 2 3 4 |  4.1
Invocations    | 3 5 7 |  7.1
Maces & Flails | 2 |  2.7
Evocations     | |  0.8

Action                   |  1- 3 |  4- 6 |  7- 9 | 10-12 | 13-15 || total
-------------------------+-------+-------+-------+-------+-------++-------
Melee: War axe           |    62 |   166 |   318 |   643 |   167 ||  1356
       Bite              |    18 |    43 |   113 |   278 |    82 ||   534
       Flail             |       |       |       |    37 |    15 ||    52
       Broad axe         |       |       |       |       |    41 ||    41
Invok: Heroism           |       |       |       |    11 |     5 ||    16
       Finesse           |       |       |       |       |     1 ||     1
Evoke: Wand              |       |     5 |       |     2 |       ||     7
  Use: Scroll            |       |       |    13 |     8 |     2 ||    23
       Potion            |       |       |       |       |     1 ||     1
 Stab: Sleeping          |       |       |       |     1 |       ||     1
  Eat: Chunk             |       |     4 |     4 |     7 |     2 ||    17
       Ration            |       |       |     2 |     4 |     1 ||     7
Armor: Scale mail        |    26 |    11 |       |       |       ||    37
       Plate armour      |       |    48 |    95 |    48 |     2 ||   193
       Ring mail         |       |       |     6 |    98 |    68 ||   172
Dodge: Dodged            |    22 |    19 |    41 |   143 |   115 ||   340
Block: Shield            |    37 |   124 |   253 |   464 |   185 ||  1063
       Reflection        |       |     2 |     4 |     9 |       ||    15
